 Seeded DCSS version 0.31-a0-182-gc5ef74bbde (webtiles) character file.

Game seed: 3425585917399930565 (custom seed)

149 innerfire43 the Poker (level 4, 0/37 HPs)
             Began as a Demonspawn Monk on June 20, 2023.
             Was a Believer of Ru.
             Slain by Duvessa
             ... wielding a +0 short sword of freezing
              (2 damage)
             ... on level 4 of the Dungeon.
             The game lasted 00:03:41 (2576 turns).

innerfire43 the Poker (Demonspawn Monk)             Turns: 2576, Time: 00:03:42

Health: 0/37       AC:  9    Str: 23    XL:     4   Next: 9%
Magic:  4/4        EV: 13    Int: 13    God:    Ru [**....]
Gold:   202        SH:  0    Dex: 16    Spells: 3/3 levels left

rFire   + + .        a - +0 spear
rCold   . . .        d - orb {light}
rNeg    . . .        b - +0 robe
rPois   .            n - +2 hat of Impatience {Rampage +Inv rF++ Str+4}
rElec   .            m - +0 cloak
rCorr   .            (no gloves)
SInv    .            (no boots)
Will    .....        (no amulet)
Stlth   +            j - +4 ring of protection
HPRegen 0.26/turn    l - +6 ring of strength
MPRegen 0.09/turn

%: rampage
@: weak-willed, glowing
A: antennae 1, inexperienced 1, big brain 1, demonic magic 2
a: Renounce Religion, Evoke Invisibility


You were on level 4 of the Dungeon.
You worshipped Ru.
Ru was pleased with you.
You visited 1 branch of the dungeon, and saw 4 of its levels.

You collected 202 gold pieces.

Inventory:

Hand Weapons
 a - a +0 spear (weapon)
Armour
 b - a +0 robe (worn)
 d - an orb of light (worn)
 m - a +0 cloak (worn)
 n - the +2 hat of Impatience (worn) {Rampage +Inv rF++ Str+4}
   (You acquired it on level 3 of the Dungeon)

   Str:       It affects your strength (+4).
   rF:        It greatly protects you from fire.
   +Inv:      It lets you turn invisible.
   Rampage:   It bestows one free step when moving towards enemies.
Jewellery
 j - a +4 ring of protection (left hand)
 l - a +6 ring of strength (right hand)
 q - a ring of magical power
Wands
 t - a wand of charming (15)
Scrolls
 f - 2 scrolls of poison {unknown}
 g - 3 scrolls of identify {unknown}
Potions
 c - a potion of heal wounds {unknown}
 e - 3 potions of curing
 h - 4 potions of might {unknown}
 i - a potion of brilliance {unknown}
 k - 2 potions of attraction {unknown}
 o - a potion of haste {unknown}


   Skills:
 + Level 3.7 Fighting
 * Level 4.7 Polearms
 - Level 2.7 Dodging
 + Level 1.0 Stealth


You had 3 spell levels left.
You didn't know any spells.
Your spell library contained the following spells:

 Spells                   Type           Power      Damage    Failure   Level
 Animate Dead             Necr           0%         N/A       97%         4
 Haunt                    Necr/Summ      0%         N/A       100%        7
 Infestation              Necr           0%         N/A       100%        8


Dungeon Overview and Level Annotations

Branches:
Dungeon (4/15)
 Temple: D:4-7

Altars:
Ru

Annotations:
D:4 Dowan, Duvessa


Innate Abilities, Weirdness & Mutations

You have a pair of small antennae on your head.
You are somewhat inexperienced. (-1 XL)
You have an unusually large brain. (Int +2)
Spells you cast may paralyse nearby enemies.


Message History

Duvessa hits you but does no damage. The goblin hits you but does no damage.
Dowan points at you and mumbles some strange words.
The puff of flame misses you.
You barely miss Dowan.
Dowan is severely wounded.
Duvessa closely misses you. The goblin hits you but does no damage.
Dowan hits you with a +0 dagger.
Duvessa is stunned by your conviction and fails to attack.
You hit Dowan but do no damage.
Dowan is severely wounded.
Duvessa barely misses you. Dowan barely misses you.
The goblin closely misses you.
You hit Dowan.
Dowan is almost dead.
Duvessa hits you with a +0 short sword of freezing.
* * * LOW HITPOINT WARNING * * *
Duvessa freezes you.
* * * LOW HITPOINT WARNING * * *
Dowan closely misses you. The goblin hits you but does no damage.
It was a potion of curing.
You feel better. Duvessa misses you. Duvessa hits you but does no damage.
Dowan hits you with a +0 dagger.
* * * LOW HITPOINT WARNING * * *
The goblin hits you but does no damage.
You closely miss Dowan.
Dowan is almost dead.
Duvessa closely misses you.
You hit Dowan but do no damage.
Dowan is almost dead.
You redirect Dowan's attack!
Dowan hits you with a +0 dagger.
* * * LOW HITPOINT WARNING * * *
You redirect the goblin's attack!
The goblin hits itself with a +0 dagger.
Duvessa hits you but does no damage.
You hit Dowan.
Dowan is almost dead.
Duvessa hits you with a +0 short sword of freezing.
* * * LOW HITPOINT WARNING * * *
Duvessa freezes you.
You die...

....#.. ..## ##..
##..... ....#
....###.....# #.....
#..........##....
##........!....#
#...........<..#
#.........#....# #
....>.eg..#..#..~..
......e@.......(~...
#.##.###........~...
#...##.#...~...
.......###...~...
........# #.#~#..
........# .#~~~
......... .# #.
.........


You could see Duvessa (fast), Dowan and a goblin.

Vanquished Creatures
  Terence (D:2)
  Robin (D:2)
  An adder (D:2)
  3 gnolls (D:3)
  A shadow imp (D:3)
  2 ball pythons (D:2)
  3 endoplasms
  4 giant cockroaches
  18 goblins
  10 hobgoblins
  A quokka (D:2)
  2 bats
  8 frilled lizards
  3 kobolds
  7 rats
65 creatures vanquished.

Vanquished Creatures (others)
  An ufetubus (D:4)
1 creature vanquished.

Grand Total: 66 creatures vanquished

Notes
Turn   | Place    | Note
-------+----------+-------------------------------------------
     0 | D:1      | innerfire43 the Demonspawn Monk began the quest for the
                  | Orb.
     0 | D:1      | Reached XP level 1. HP: 18/18 MP: 1/1
   223 | D:1      | Reached skill level 3 in Polearms
   291 | D:1      | Gained mutation: Spells you cast may paralyse adjacent
                  | enemies. [demonic ancestry]
   291 | D:1      | Reached XP level 2. HP: 19/24 MP: 2/2
   962 | D:2      | Gained mutation: Spells you cast may paralyse nearby
                  | enemies. [demonic ancestry]
   962 | D:2      | Reached XP level 3. HP: 27/29 MP: 3/3
   962 | D:2      | Noticed Robin
   981 | D:2      | Killed Robin
  1277 | D:2      | Gained mutation: You have a pair of small antennae on your
                  | head. [demonic ancestry]
  1277 | D:2      | Reached XP level 4. HP: 36/36 MP: 4/4
  1285 | D:2      | Noticed Terence
  1303 | D:2      | Killed Terence
  1304 | D:2      | Reached skill level 4 in Polearms
  2054 | D:3      | Gained mutation: You have an unusually large brain. (Int
                  | +2) [demonic ancestry]
  2054 | D:3      | Reached XP level 5. HP: 16/42 MP: 5/5
  2068 | D:3      | Reached skill level 1 in Stealth
  2225 | D:3      | Found a faded altar of an unknown god.
  2241 | D:3      | Prayed at the altar of an unknown god.
  2241 | D:3      | Became a worshipper of Ru the Awakened
  2259 | D:3      | Gained mutation: You are somewhat inexperienced. (-1 XL)
                  | [Ru sacrifice]
  2259 | D:3      | Reached XP level 4. HP: 37/37 MP: 4/4
  2259 | D:3      | Reached * piety under Ru
  2259 | D:3      | Reached ** piety under Ru
  2535 | D:3      | Identified a scroll of acquirement
  2535 | D:3      | Acquired the +2 hat of Impatience {Rampage +Inv rF++ Str+4}
  2550 | D:4      | Noticed Dowan
  2552 | D:4      | Noticed Duvessa
  2576 | D:4      | Slain by Duvessa

Illustrated notes

Levels and vault maps discovered:
D:1:      dpeg_arrival_more_subterranean_lakeside_camping, layout_basic
D:2:      layout_basic, minmay_small_reverse_x, uniq_terence, uniq_robin
D:3:      layout_rooms, lemuel_crystal_altar,
          ebering_ecumenical_altar_petrified, serial_rivers,
          chequers_serial_rivers_small_b, chequers_serial_rivers_micro_c,
          chequers_serial_rivers_small_a, chequers_serial_rivers_large_b,
          chequers_serial_rivers_micro_e, chequers_serial_rivers_small_a
D:4:      layout_cave_pools, mainiacjoe_overflow_tiny_flanked,
          nicolae_overflow_crystal_walls, minmay_temple_entry_water_ring,
          sigmund_army, uniq_duvessa

Skill      XL: |  1  2  3  4  5 |
---------------+----------------+-----
Polearms       | 3 4 |  4.7
Stealth        | 1 |  1.0
Fighting       | |  3.7
Dodging        | |  2.7

Action                     |  1- 3 |  4- 6 || total
---------------------------+-------+-------++-------
  Melee: Spear             |   142 |   105 ||   247
 Invoke: Sacrifice Experie |       |     1 ||     1
    Use: Scroll            |       |     5 ||     5
         Potion            |       |     2 ||     2
   Stab: Sleeping          |       |     2 ||     2
 Armour: Robe              |    23 |    23 ||    46
  Dodge: Dodged            |    60 |    74 ||   134

Table legend: (Time is in decaauts)
 A = Elapsed time spent in this place.
 B = Non-inter-level travel time spent in this place.
 C = Inter-level travel time spent in this place.
 D = Time resting spent in this place.
 E = Time spent auto-exploring this place.
 F = Levels seen in this place.
 G = Mean time per level.
                   A        B        C        D        E       F      G
               +--------+--------+--------+--------+--------+-----+--------+
         Total |   2583 |   2530 |     53 |      0 |   2053 |   4 |  645.8 |
       Dungeon |   2583 |   2530 |     53 |      0 |   2053 |   4 |  645.8 |
               +--------+--------+--------+--------+--------+-----+--------+

Top non-repeatable levels by time:
     D:1: 945 daAuts
     D:2: 879 daAuts
     D:3: 730 daAuts
     D:4: 28 daAuts
